 Dungeon Crawl Stone Soup version 0.22-a0-136-g83a10e5898 (webtiles) character file.

42 Banto the Vexing (level 3, 0/14 HPs)
             Began as a Felid Enchanter on Feb 2, 2018.
             Hit by a goblin thrown by Robin (2 damage)
             ... on level 2 of the Dungeon.
             The game lasted 00:01:56 (1806 turns).

Banto the Vexing (Felid Enchanter)                  Turns: 1806, Time: 00:01:57

Health: 0/14       AC:  1    Str:  4    XL:     3   Next: 35%
Magic:  2/7        EV: 18    Int: 17    God:
Gold:   46         SH:  0    Dex: 16    Spells: 3/6 levels left
                                        Lives:  0   Deaths: 0

rFire    . . .     SeeInvis +     - Unarmed
rCold    . . .     Gourm    .   (shield unavailable)
rNeg     . . .     Faith    .   (armour unavailable)
rPois    .         Spirit   .   (helmet unavailable)
rElec    .         Reflect  .   (cloak unavailable)
rCorr    .         Harm     .   (gloves unavailable)
MR       .....                  (boots unavailable)
Stlth    +++.......             (no amulet)
HPRegen  0.04/turn              (no ring)
MPRegen  0.10/turn              (no ring)

@: quick
A: very small, no armour, no weapons or thrown items, stealth, claws 1, fangs 3,
see invisible, carnivore, speed 1, shaggy fur 1, slow metabolism 1, sharp paws
a: no special abilities


You were on level 2 of the Dungeon.
You were very full.

You visited 1 branch of the dungeon, and saw 2 of its levels.

You collected 46 gold pieces.

Inventory:

Scrolls
 c - a scroll of enchant armour {unknown}
 f - 2 scrolls of teleportation {unknown}
 g - a scroll of amnesia {unknown}
 h - a scroll of identify {unknown}
 i - a scroll of random uselessness {unknown}
Potions
 d - a potion of flight {unknown}
 e - a potion of heal wounds {unknown}
 j - a potion of curing {unknown}
 k - a potion of agility {unknown}
Books
 a - a book of Maledictions

   Spells                             Type                      Level
   a - Corona                         Hexes                        1
   b - Ensorcelled Hibernation        Hexes/Ice                    2
   c - Confuse                        Hexes                        3
   d - Tukima's Dance                 Hexes                        3
   e - Dazzling Spray                 Conjuration/Hexes            3
Comestibles
 b - 3 rations


   Skills:
 - Level 2.6 Dodging
 + Level 5.2 Stealth
 - Level 1.0 Unarmed Combat
 - Level 2.0 Spellcasting
 + Level 5.6 Hexes


You had 3 spell levels left.
You knew the following spells:

 Your Spells              Type           Power        Failure   Level  Hunger
a - Corona                Hex            ###....      1%          1    #......
b - Ensorcelled Hibernat  Hex/Ice        ##....       10%         2    ###....


Dungeon Overview and Level Annotations

Branches:
Dungeon (2/15)

Altars:

Annotations:
D:2 Robin


Innate Abilities, Weirdness & Mutations

You cannot wear armour.
You are incapable of wielding weapons or throwing items.
Your paws allow you to move quietly. (Stealth)
You have sharp claws.
You have razor-sharp teeth.
You have supernaturally acute eyesight. (SInv)
You are carnivorous and can eat meat at any time.
You cover ground quickly.
You are covered in fur. (AC +1)
You have a slow metabolism.
Your sharp claws are effective at attacking unaware monsters.


Message History

You mangle the hobgoblin!!
You kill the hobgoblin!
Robin throws the goblin at you!
You scratch the goblin.
The goblin is severely wounded.
The hobgoblin barely misses you. The goblin hits you but does no damage.
You closely miss the goblin.
The goblin is severely wounded.
The goblin hits you with a dagger. The hobgoblin completely misses you.
You take 3 damage, and have 9/14 hp.
MASSIVE DAMAGE!!
You scratch the goblin.
You kill the goblin!
Robin hits you from afar with a spear of piercing.
* * * LOW HITPOINT WARNING * * *
x2 You take 7 damage, and have 2/14 hp.
MASSIVE DAMAGE!!
Things that are here:
a dagger; a goblin corpse Robin says, "A pitiful Cat like you will never find the ORB!"
Robin throws the goblin at you!
You die...

.# .# # .# .#.# #.####
##.#.# #####.#... .....
## #.......####..#
.####.###.....##..######
............#...........
.##.............g#.####
###.#.#.#..#####@..# #
#.#......# ##)##
###.#..##..# #.g.#
....#......# #.g.#
##.........# #..)######
.........### ####).ggg#
.#.(.#.### #####.#
.#..##.# ....####


You could see Robin, a hobgoblin and a goblin.

Vanquished Creatures
  An adder (D:2)
  A dart slug (D:1)
  A leopard gecko (D:1)
  3 bats (D:1)
  A giant cockroach (D:2)
  5 goblins
  A hobgoblin (D:2)
  2 jackals (D:1)
  3 kobolds (D:1)
  A ball python (D:1)
  11 frilled lizards (D:1)
  3 rats
33 creatures vanquished.

Notes
Turn   | Place    | Note
-------+----------+-------------------------------------------
     0 | D:1      | Banto the Felid Enchanter began the quest for the Orb.
     0 | D:1      | Reached XP level 1. HP: 7/7 MP: 4/4
   622 | D:1      | Reached XP level 2. HP: 8/11 MP: 6/6
   646 | D:1      | Learned a level 2 spell: Ensorcelled Hibernation
   879 | D:1      | Reached skill level 5 in Hexes
  1699 | D:2      | Reached skill level 5 in Stealth
  1699 | D:2      | Reached XP level 3. HP: 14/14 MP: 7/7
  1789 | D:2      | Noticed Robin
  1806 | D:2      | Hit by a goblin thrown by Robin

Vault maps used:
D:1:      lightli_arrival_boilingwater, minmay_lizard_king
D:2:      kennysheep_big_flooded_room, lemuel_crystal_altar, uniq_terence,
          uniq_robin

Skill      XL: |  1  2 |
---------------+-------+-----
Hexes          | 5 |  5.6
Stealth        | 5 |  5.2
Dodging        | |  2.6
Unarmed Combat | |  1.0
Spellcasting   | |  2.0

Action                   || total
-------------------------++-------
Melee: Unarmed           ||    92
       Bite              ||     2
 Cast: Corona            ||     5
       Ensorcelled Hiber ||    12
 Stab: Sleeping          ||    15
  Eat: Chunk             ||     9
Armor: Skin              ||     3
Dodge: Dodged            ||    91

Table legend:
 A = Spawn XP
 B = Non-spawn XP
 C = Spawn XP percentage of total XP
 D = Spawn monster count
 E = Non-spawn monster count
 F = Spawn count percentage of total count
 G = Total turns spent on level
                    A         B        C        D         E        F      G
               +---------+---------+-------+---------+---------+-------+---------
         Total |       0 |      61 |   0.0 |       0 |      33 |   0.0 |  1806
               +---------+---------+-------+---------+---------+-------+---------
           D:1 |       0 |      37 |   0.0 |       0 |      25 |   0.0 |  1697
           D:2 |       0 |      24 |   0.0 |       0 |       8 |   0.0 |   109
               +---------+---------+-------+---------+---------+-------+---------

Table legend:
 A = Turns spent in this place as a percentage of turns spent in the entire game.
 B = Non-inter-level travel turns spent in this place as a percentage of non-inter-level travel turns spent in the entire game.
 C = Inter-level travel turns spent in this place as a percentage of turns spent in this place.
 D = Turns resting spent in this place as a percentage of non-inter-level travel turns spent in this place.
 E = Turns spent auto-exploring this place as a percentage of non-inter-level travel turns spent in this place.
 F = Non-inter-level travel turns spent in this place divided by the number of levels of this place that you've seen.
                   A       B       C       D       E      F
               +-------+-------+-------+-------+-------+----------------------
         Total | 100.0 | 100.0 |   2.9 |  46.0 |  34.1 | 876.5
       Dungeon | 100.0 | 100.0 |   2.9 |  46.0 |  34.1 | 876.5
               +-------+-------+-------+-------+-------+----------------------

Table legend:
 A = Kills in this place as a percentage of kills in entire the game.
 B = Kills by you in this place as a percentage of kills by you in the entire game.
 C = Kills by friends in this place as a percentage of kills by friends in the entire game.
 D = Other kills in this place as a percentage of other kills in the entire game.
 E = Experience gained in this place as a percentage of experience gained in the entire game.
 F = Experience gained in this place divided by the number of levels of this place that you have seen.
                   A       B       C       D       E      F
               +-------+-------+-------+-------+-------+----------------------
         Total | 100.0 | 100.0 |   N/A |   N/A | 100.0 |  30.5
       Dungeon | 100.0 | 100.0 |   N/A |   N/A | 100.0 |  30.5
               +-------+-------+-------+-------+-------+----------------------
